 Dungeon Crawl Stone Soup version 0.24-a0-264-gf46a388 (webtiles) character file.

Game seed: 4464753934978012934

240 Hasart the Cutter (level 6, 0/37 HPs)
             Began as a Kobold Gladiator on Apr 20, 2019.
             Slain by a jelly (1 damage)
             ... on level 3 of the Dungeon.
             The game lasted 00:05:21 (4189 turns).

Hasart the Cutter (Kobold Gladiator)                Turns: 4189, Time: 00:05:21

Health: 0/37       AC: -2    Str: 11    XL:     6   Next: 29%
Magic:  6/6        EV: 17    Int:  9    God:
Gold:   161        SH:  0    Dex: 19    Spells: 5/5 levels left

rFire    . . .     SeeInvis .   a - +0 rapier
rCold    + . .     Gourm    .   (shield restricted)
rNeg     . . .     Faith    .   b - +0 leather armour
rPois    .         Spirit   .   c - +0 helmet
rElec    .         Reflect  .   (no cloak)
rCorr    .         Harm     .   k - +0 pair of gloves
MR       .....                  (no boots)
Stlth    ++........             (no amulet)
HPRegen  0.12/turn              n - ring of protection from cold
MPRegen  0.10/turn              (no ring)

@: lethally poisoned (0 -> -3), corroded
A: small, carnivore
a: no special abilities


You were on level 3 of the Dungeon.
You were completely stuffed.

You visited 1 branch of the dungeon, and saw 3 of its levels.

You collected 161 gold pieces.

Inventory:

Hand Weapons
 a - a +0 rapier (weapon)
Missiles
 d - 3 throwing nets (quivered)
Armour
 b - a +0 leather armour (worn)
 c - a +0 helmet (worn)
 k - a +0 pair of gloves (worn)
Jewellery
 n - a ring of protection from cold (left hand)
 o - an uncursed ring of protection from fire
 q - an uncursed ring of fire
Scrolls
 e - 2 scrolls of magic mapping {unknown}
 g - 3 scrolls of identify
 l - a scroll of teleportation {unknown}
 m - 2 scrolls of blinking {unknown}
Potions
 h - a potion of resistance {unknown}
 i - 2 potions of heal wounds {unknown}
 j - 2 potions of curing {unknown}
 p - a potion of flight {unknown}
Comestibles
 f - 6 rations
 r - 2 chunks of flesh


   Skills:
 + Level 3.3 Fighting
 * Level 6.1 Short Blades
 - Level 2.1 Throwing
 + Level 1.6 Armour
 + Level 4.6 Dodging
 + Level 2.8 Stealth


You had 5 spell levels left.
You didn't know any spells.
Your spell library was empty.

Dungeon Overview and Level Annotations

Branches:
Dungeon (3/15)

Altars:
Ashenzari
Elyvilon
Qazlal
Trog
Uskayaw
Vehumet
Xom


Innate Abilities, Weirdness & Mutations

You are small and have problems with some larger weapons.
You are carnivorous and can eat meat at any time.


Message History

The adder closely misses you.
You closely miss the adder.
The adder is heavily wounded.
You feel sick. The adder closely misses you.
You barely miss the adder.
The adder is heavily wounded.
The adder bites you but does no damage.
You puncture the adder!
You kill the adder!
You puncture the jelly! The acid corrodes you!
Your hands burn!
The jelly is heavily wounded.
You feel sick. The jelly hits you.
* * * LOW HITPOINT WARNING * * *
You are splashed with acid!
* * * LOW HITPOINT WARNING * * *
You hit the jelly. The acid corrodes you!
Your hands burn!
* * * LOW HITPOINT WARNING * * *
The jelly is almost dead.
The jelly hits you.
You die...

#........#...##.# #....
########........#..###.# #..##
#.†.............)......# #....
#.######.......######..######.#.
#.# ##########.......)......#.#.
#.###8#.#.###########)......#.#.
#.8.#.#.#.#.#########.......'.##
#..........._##.....'.......###
#...........###@#####.......#
##8.#.#.#.#.8##J# #.......#
##_#.#⌠#######J#####.......#
####### ###...).######.######
#....<.........##....
#.......#########.###
#.............# #.#
#######.............###'###
#...)......(........#......


You could see a jelly and an ooze.

Vanquished Creatures
  7 adders
  9 oozes
  A worm (D:2)
  A dart slug (D:2)
  5 leopard geckos
  20 orcs
  12 giant cockroaches
  6 goblins
  10 hobgoblins
  3 jackals (D:1)
  3 quokkas
  A ball python (D:1)
  6 bats
  3 frilled lizards
  10 kobolds
  12 rats
109 creatures vanquished.

Notes
Turn   | Place    | Note
-------+----------+-------------------------------------------
     0 | D:1      | Hasart the Kobold Gladiator began the quest for the Orb.
     0 | D:1      | Reached XP level 1. HP: 12/12 MP: 1/1
     1 | D:1      | Found a runed translucent door.
    75 | D:1      | Reached XP level 2. HP: 2/17 MP: 2/2
   563 | D:1      | Reached skill level 1 in Stealth
   748 | D:1      | Reached XP level 3. HP: 21/22 MP: 3/3
  1169 | D:1      | Reached XP level 4. HP: 14/27 MP: 4/4
  1178 | D:1      | Reached skill level 5 in Short Blades
  1178 | D:1      | Reached skill level 1 in Armour
  1732 | D:2      | Reached XP level 5. HP: 32/32 MP: 5/5
  2906 | D:2      | Found a basalt altar of Yredelemnul.
  2908 | D:2      | Found a shattered altar of Ashenzari.
  2908 | D:2      | Found a white marble altar of Elyvilon.
  2910 | D:2      | Found a shimmering altar of Xom.
  2910 | D:2      | Found a radiant altar of Vehumet.
  2910 | D:2      | Found a shimmering altar of Xom.
  3186 | D:2      | Found a stormy altar of Qazlal.
  3396 | D:3      | Found a hide-covered altar of Uskayaw.
  3403 | D:3      | Found a bloodstained altar of Trog.
  3717 | D:3      | Reached XP level 6. HP: 36/37 MP: 6/6
  3950 | D:3      | Found a radiant altar of Vehumet.
  3964 | D:3      | Reached skill level 6 in Short Blades
  4189 | D:3      | HP: 1/37 [acid (2)]
  4189 | D:3      | Slain by a jelly

Levels and vault maps discovered:
D:1:      dpeg_arrival_caged_fury, layout_loops_ring
D:2:      layout_loops_corners, doesnt_xom_only_xom,
          nicolae_qazlal_eye_of_the_storm, minmay_misc_feat_cross
D:3:      layout_basic, old_standard_altar, minitemple, minmay_checkerbox

Skill      XL: |  1  2  3  4  5  6 |
---------------+-------------------+-----
Stealth        | 1 2 |  2.8
Dodging        | 4 |  4.6
Short Blades   | 5 6 |  6.1
Armour         | 1 |  1.6
Fighting       | 3 |  3.3
Throwing       | |  2.1

Action                   |  1- 3 |  4- 6 || total
-------------------------+-------+-------++-------
Melee: Rapier            |   114 |   263 ||   377
  Use: Scroll            |     3 |       ||     3
 Stab: Sleeping          |       |     9 ||     9
  Eat: Chunk             |     8 |    11 ||    19
Armor: Leather armour    |    31 |    36 ||    67
Dodge: Dodged            |    95 |   184 ||   279

Table legend:
 A = Non-vault XP
 B = Vault XP
 C = Vault XP percentage of total XP
 D = Non-vault monster count
 E = Vault monster count
 F = Vault count percentage of total count
                 A         B        C        D         E       F
            +---------+---------+-------+---------+---------+-------
      Total |     257 |      86 |  25.1 |      88 |      21 |  19.3
            +---------+---------+-------+---------+---------+-------
        D:1 |      37 |      68 |  64.8 |      24 |      18 |  42.9
        D:2 |     111 |       0 |   0.0 |      26 |       0 |   0.0
        D:3 |     109 |      18 |  14.2 |      38 |       3 |   7.3
            +---------+---------+-------+---------+---------+-------
